 Dungeon Crawl Stone Soup version 0.29-a0-320-g9f8742066b (webtiles) character file.

Game seed: 7274726215447169738

4 experimilk the Skirmisher (level 1, -1/19 HPs)
             Began as a Palentonga Fighter on Apr 2, 2022.
             Slain by a goblin
             ... wielding a +0 club
              (2 damage)
             ... on level 1 of the Dungeon.
             The game lasted 00:00:18 (40 turns).

experimilk the Skirmisher (Palentonga Fighter)        Turns: 40, Time: 00:00:19

Health: -1/19      AC:  6    Str: 19    XL:     1   Next: 50%
Magic:  1/1        EV:  7    Int:  8    God:
Gold:   0          SH:  4    Dex:  9    Spells: 0/0 levels left

rFire   . . .      SeeInvis +   a - +0 flail
rCold   . . .      Faith    .   c - +0 buckler
rNeg    . . .      Spirit   .   b - +0 scale mail
rPois   .          Reflect  .   (no helmet)
rElec   .          Harm     .   (no cloak)
rCorr   .          Rampage  .   (no gloves)
Will    .....                   (no barding)
Stlth   ..........              (no amulet)
HPRegen 0.06/turn               (no ring)
MPRegen 0.07/turn               (no ring)

@: mighty
A: large, rugged brown scales 3, see invisible, deformed body, roll 1, armoured
tail
a: Rolling Charge


You were on level 1 of the Dungeon.
You visited 1 branch of the dungeon, and saw 1 of its levels.

Inventory:

Hand Weapons
 a - a +0 flail (weapon)
Armour
 b - a +0 scale mail (worn)
 c - a +0 buckler (worn)
Scrolls
 e - a scroll of acquirement {unknown}


   Skills:
 - Level 3.0 Fighting
 * Level 2.4 Maces & Flails
 - Level 2.4 Armour
 - Level 2.4 Shields


You couldn't memorise any spells.
You didn't know any spells.
Your spell library was empty.

Dungeon Overview and Level Annotations

Branches:
Dungeon (1/15)

Altars:


Innate Abilities, Weirdness & Mutations

You are completely covered in rugged brown scales. (AC +3, +7% HP)
You have supernaturally acute eyesight. (SInv)
Armour fits poorly on your strangely shaped body.
You can roll at nearby foes to attack.
You have a long armoured tail.


Message History

The rat bites you but does no damage. The rat bites you.
The goblin hits you with a +0 club.
There are monsters nearby!
You are too injured to fight recklessly!
There are monsters nearby!
You are too injured to fight recklessly!
There are monsters nearby!
You are too injured to fight recklessly!
There are monsters nearby!
The rat attacks as you move away! The rat barely misses you.
The goblin attacks as you move away! The goblin hits you but does no damage.
The rat attacks as you move away! The rat bites you but does no damage.
The goblin attacks as you move away! The goblin closely misses you.
You hit the rat.
The rat is heavily wounded.
The rat barely misses you.
You completely miss the rat. You block the rat's attack.
You closely miss the rat. You tail-slap the rat.
You kill the rat!
The hobgoblin barely misses you. The goblin hits you but does no damage.
The goblin barely misses you.
You sock the hobgoblin!
You kill the hobgoblin!
The goblin hits you but does no damage. You block the goblin's attack.
You sock the goblin!
You kill the goblin!
The goblin barely misses you.
You closely miss the goblin. The goblin hits you with a +0 club.
* * * LOW HITPOINT WARNING * * *
The goblin barely misses you.
You closely miss the goblin.
Your tail-slap misses the goblin.
The goblin hits you with a +0 club.
* * * LOW HITPOINT WARNING * * *
You barely miss the goblin. The goblin hits you but does no damage.
You feel very mighty all of a sudden. The goblin hits you with a +0 club.
* * * LOW HITPOINT WARNING * * *
You closely miss the goblin.
Your tail-slap misses the goblin.
The goblin hits you with a +0 club.
You die...

......# #.#.# ......
#.#.# #...#
#...######..#
..)...>....# ...
#........#...# ...
#........#########
....###.>..g)..........#
........###@##.#.......
....#.#.#.#...........#
. #.#.#.#.....########
..#.#.#.#.####
..#.#<#.#..#
....#.#.#.###
...#.#.#.#.#
....#.#.#.## ####.#.#
#.#


You could see a goblin.

Vanquished Creatures
  A goblin (D:1)
  A hobgoblin (D:1)
  A ball python (D:1)
  A rat (D:1)
4 creatures vanquished.

Notes
Turn   | Place    | Note
-------+----------+-------------------------------------------
     0 | D:1      | experimilk the Palentonga Fighter began the quest for the
                  | Orb.
     0 | D:1      | Reached XP level 1. HP: 19/19 MP: 1/1
    40 | D:1      | Slain by a goblin

Illustrated notes

Levels and vault maps discovered:
D:1:      lightli_arrival_chessboard, layout_basic,
          hangedman_decor_diamond_cutter

Action                   || total
-------------------------++-------
Melee: Flail             ||    15
       Tailslap          ||     1
  Use: Potion            ||     1
Armor: Scale mail        ||    10
Dodge: Dodged            ||    10
Block: Buckler           ||     3

Table legend: (Time is in decaauts)
 A = Elapsed time spent in this place.
 B = Non-inter-level travel time spent in this place.
 C = Inter-level travel time spent in this place.
 D = Time resting spent in this place.
 E = Time spent auto-exploring this place.
 F = Levels seen in this place.
 G = Mean time per level.
                   A        B        C        D        E       F      G
               +--------+--------+--------+--------+--------+-----+--------+
         Total |     44 |     44 |      0 |      0 |     13 |   1 |   44.0 |
       Dungeon |     44 |     44 |      0 |      0 |     13 |   1 |   44.0 |
               +--------+--------+--------+--------+--------+-----+--------+

Top non-repeatable levels by time:
     D:1: 44 daAuts
